 Seeded DCSS version 0.30.0-15-g856e2d3f33 (webtiles) character file.

Game seed: 12735965570273765983 (custom seed)

39193 Pimp the Tortoise (level 14, -5/104 HPs)
             Began as a Formicid Fighter on May 19, 2023.
             Was a High Priest of Hepliaklqana.
             Slain by a rust devil (8 damage)
             ... summoned by an orc high priest
             ... on level 2 of the Orcish Mines.
             The game lasted 00:28:54 (13541 turns).

Pimp the Tortoise (Formicid Fighter)               Turns: 13541, Time: 00:28:56

Health: -5/104     AC: 20    Str: 25    XL:     14   Next: 38%
Magic:  0/24       EV:  6    Int: 19    God:    Hepliaklqana [*****.]
Gold:   1532       SH: 20    Dex: 20    Spells: 6/15 levels left

rFire   . . .        s - +0 executioner's axe (drain)
rCold   . . .        w - +0 tower shield
rNeg    + + .        i - +5 plate armour of Spite {rPois Int+3 SInv Stlth-}
rPois   +            (helmet unavailable)
rElec   .            (no cloak)
rCorr   .            k - +2 pair of gloves
SInv    +            J - +1 pair of boots of Qazlal's Approval {-Cast +Blink Fly Regen+}
Will    +....        B - amulet of Yrazoxe {Spirit *Slow rN+ Int+5 Stlth+} Stlth
                     e - ring "Xeowk" {MP+9 Str+4 Dex+7}
HPRegen 1.17/turn    f - ring of positive energy
MPRegen 0.19/turn

%: no spellcasting, slow self (1%), guardian spirit
@: corroded, flying
A: reduced essence, permanent stasis, dig shafts and tunnels, antennae 3, four
strong arms, dopey 1
a: Dig, Shaft Self, Renounce Religion, Recall Ancestor, Ancestor Identity,
Transference, Idealise


You were on level 2 of the Orcish Mines.
You worshipped Hepliaklqana.
Hepliaklqana was extremely pleased with you.
You visited 2 branches of the dungeon, and saw 17 of its levels.

You collected 1682 gold pieces.
You spent 150 gold pieces at shops.

Inventory:

Hand Weapons
 a - a +1 war axe of chaos
 m - the +7 staff of the Meek {protect, meekguard}
   (You found it on level 8 of the Dungeon)
 s - a +0 executioner's axe of draining (weapon)
 S - the +5 mace of Severance {flame, rElec rCorr}
   (You found it on level 13 of the Dungeon)

   rElec:     It insulates you from electricity.
   rCorr:     It protects you from acid and corrosion.
Missiles
 C - a throwing net
Armour
 b - a +0 scale mail
 c - a +0 buckler
 i - the +5 plate armour of Spite (worn) {rPois Int+3 SInv Stlth-}
   (You acquired it on level 1 of the Dungeon)

   Int:       It affects your intelligence (+3).
   rPois:     It protects you from poison.
   SInv:      It lets you see invisible.
   Stlth:     It makes you less stealthy.
 k - a +2 pair of gloves (worn)
 p - a +1 pair of boots
 w - a +0 tower shield (worn)
 D - a +0 pair of boots of stealth
 J - the +1 pair of boots of Qazlal's Approval (worn) {-Cast +Blink Fly Regen+}
   (You found it on level 9 of the Dungeon)

   Fly:       It grants you flight.
   +Blink:    It lets you blink.
   -Cast:     It prevents spellcasting.
   Regen:     It increases your rate of health regeneration.
Jewellery
 e - the ring "Xeowk" (left hand) {MP+9 Str+4 Dex+7}
   (You acquired it on level 1 of the Dungeon)

   [ring of magical power]

   Str:       It affects your strength (+4).
   Dex:       It affects your dexterity (+7).
   MP:        It affects your magic capacity (+9).
 f - a ring of positive energy (right hand)
 B - the amulet of Yrazoxe (around neck) {Spirit *Slow rN+ Int+5 Stlth+}
   (You found it on level 9 of the Dungeon)

   [amulet of guardian spirit]

   It causes incoming damage to be divided between your reserves of health and
   magic.
   Int:       It affects your intelligence (+5).
   rN:        It protects you from negative energy.
   *Slow:     It may slow you when you take damage.
   Stlth:     It makes you more stealthy.
 G - a ring of wizardry
 I - an amulet of magic regeneration
 Q - an amulet of reflection
 R - an amulet of reflection
 T - an amulet of the acrobat
Wands
 t - a wand of paralysis (29)
 u - a wand of iceblast (25)
 y - a wand of flame (32) (quivered)
 K - a wand of polymorph (9)
Scrolls
 l - 4 scrolls of vulnerability
 n - 2 scrolls of blinking
 x - 3 scrolls of enchant armour
 A - a scroll of immolation
 H - a scroll of magic mapping {unknown}
 L - 4 scrolls of identify
 M - 2 scrolls of fog
 O - a scroll of enchant weapon
 V - a scroll of fear
Potions
 d - 4 potions of might
 g - a potion of degeneration
 h - a potion of haste
 j - a potion of magic
 q - 4 potions of berserk rage
 r - 2 potions of mutation {unknown}
 v - 4 potions of lignification
 z - 4 potions of curing
 E - a potion of flight {unknown}
 F - 5 potions of attraction
 P - 2 potions of brilliance
 U - a potion of cancellation {unknown}


   Skills:
 + Level 12.7 Fighting
 + Level 11.4 Axes
 * Level 15.5 Armour
 + Level 14.9 Shields
 + Level 1.3 Spellcasting
 + Level 1.2 Conjurations
 + Level 1.2 Fire Magic


You had 6 spell levels left.
You knew the following spells:

 Your Spells              Type           Power      Damage    Failure   Level
a - Fire Storm            Conj/Fire      3%         8d1       100%        9

Your spell library contained the following spells:

 Spells                   Type           Power      Damage    Failure   Level
 Slow                     Hex            4%         N/A       97%         1
 Summon Small Mammal      Summ           4%         N/A       97%         1
 Lesser Beckoning         Tloc           2%         N/A       99%         2
 Sublimation of Blood     Necr           1%         N/A       99%         2
 Wereblood                Tmut           1%         N/A       99%         2
 Call Canine Familiar     Summ           1%         N/A       100%        3
 Confusing Touch          Hex            1%         N/A       100%        3
 Dazzling Flash           Conj/Hex       6%         N/A       100%        3
 Gell's Gravitas          Tloc           1%         N/A       100%        3
 Summon Guardian Golem    Hex/Summ       1%         N/A       100%        3
 Teleport Other           Tloc           1%         N/A       100%        3
 Vampiric Draining        Necr           1%         2d6       100%        3
 Volatile Blastmotes      Fire/Tloc      6%         2d10      100%        3
 Iskenderun's Mystic Bla  Conj/Tloc      3%         2d3       100%        4
 Manifold Assault         Tloc           1%         N/A       100%        4
 Passage of Golubria      Tloc           1%         N/A       100%        4
 Fireball                 Conj/Fire      3%         3d4       100%        5
 Freezing Cloud           Conj/Ice/Air   1%         6-21      100%        5
 Iskenderun's Battlesphe  Conj           6%         2d6       100%        5
 Silence                  Hex/Air        0%         N/A       100%        5
 Conjure Ball Lightning   Conj/Air       1%         3x3d6     100%        6
 Dispersal                Tloc           0%         N/A       100%        6
 Simulacrum               Ice/Necr       0%         N/A       100%        6
 Starburst                Conj/Fire      3%         6d3       100%        6
 Orb of Destruction       Conj           3%         9d5       100%        7
 Summon Hydra             Summ           0%         N/A       100%        7
 Disjunction              Tloc           0%         N/A       100%        8
 Lehudib's Crystal Spear  Conj/Erth      1%         10d2      100%        8
 Chain Lightning          Conj/Air       1%         3d2       100%        9
 Polar Vortex             Ice            0%         N/A       100%        9
 Shatter                  Erth           0%         3d5*      100%        9


Dungeon Overview and Level Annotations

Branches:
Dungeon (15/15)            Temple (0/1) D:5            Lair (0/5) D:11
    Orc (2/2) D:9             Elf (0/3) Orc:2        Vaults (0/5) D:14
 Depths: D:15

Altars:
Dithmenos
Elyvilon
Fedhas
Hepliaklqana
Kikubaaqudgha
Makhleb
Nemelex Xobeh
Qazlal
Uskayaw
Vehumet
Wu Jian
Yredelemnul
The Shining One

Shops:
D:11 *   D:12 *   Orc:2 (

Portals:
Trove: D:11 (give +3 fire dragon scales)

Annotations:
D:5 2 transporters, turdburglar's ghost, amateur DsMo
D:15 Nessos
Orc:2 3 runed translucent doors


Innate Abilities, Weirdness & Mutations

Your life essence is reduced to manifest your ancestor. (-10% HP)
You cannot be hasted, slowed, berserked, paralysed or teleported.
You can dig through walls and to a lower floor.
You have a pair of large antennae on your head. (SInv)
Your four strong arms can wield two-handed weapons with a shield.
You are dopey. (Int -2)


Message History

You drain the orc high priest.
The orc high priest is lightly wounded.
You strike the helpless rust devil from behind!
You hit the rust devil but do no damage.
You catch the helpless orc warrior completely off-guard!
You slash the orc warrior!
The chaos spawn roars!
The orc warrior shouts!
You block the rust devil's attack.
The orc high priest utters an invocation to Beogh.
The orc high priest mumbles some strange prayers to Beogh against you.
You are unaffected.
The rust devil hits you. The rust devil corrodes you!
You barely miss the orc high priest.
The orc high priest is lightly wounded.
You hit the orc warrior. You hit the rust devil.
You flicker back into view.
The chaos spawn howls!
The orc warrior shouts!
The orc high priest no longer looks unusually strong.
The orc warrior hits you but does no damage.
The orc high priest prays to Beogh.
You block the orc high priest's attack. You block the rust devil's attack.
You closely miss the orc high priest.
The orc high priest is lightly wounded.
You hit the orc warrior.
You hit the rust devil but do no damage.
You hit the hellwing but do no damage. You hit the sun demon but do no damage.
The sun demon hits you.
* * * LOW HITPOINT WARNING * * *
You are engulfed in flames!
* * * LOW HITPOINT WARNING * * *
You block the orc warrior's attack.
The orc high priest hits you but does no damage.
You block the orc high priest's attack. You block the rust devil's attack.
The sun demon hits you but does no damage.
The hellwing hits you.
* * * LOW HITPOINT WARNING * * *
You block the hellwing's attack. You block the orc high priest's attack.
The orc high priest hits you with a +0 long sword.
* * * LOW HITPOINT WARNING * * *
The orc warrior barely misses you. The rust devil hits you!
You die...

.........................#
........................###
........................#.##
...........................#
...........#####..##.#....##
..........##...########.###
.........##......## ###
........##.....)o4###
........#...)##.@3o.#
..)....##.).####4o..#
.......#....# .44...#
.........).## ÷÷o.÷÷.÷#
...........# .........#
...........###÷..☼....#
...........#.#..÷.....# #.#
...........#.#.÷..÷...#........
.............## #.....#....


You could see 2 orc high priests, a sun demon (summoned), a hellwing (summoned),
a rust devil (summoned), 2 chaos spawn and 2 orc warriors.

Vanquished Creatures
  A hydra (D:12)
  A rakshasa (D:13)
  A vault guard (D:14)
  2 centaur warriors
  3 boulder beetles
  An orc high priest (Orc:2)
  Nergalle (D:11)
  A skeletal warrior (D:13)
  3 orc knights (Orc:2)
  4 orc sorcerers
  An ugly thing (D:12)
  3 manticores
  Maggie (D:7)
  An unseen horror (D:13)
  A tengu conjurer (D:14)
  2 trolls
  A hornet (D:7)
  11 slime creatures
  A wraith (D:14)
  Eustachio (D:6)
  2 wyverns
  7 yaks
  5 vampire mosquitoes
  4 wargs (Orc:2)
  Edmund (D:6)
  3 acid dragons
  4 water moccasins (D:11)
  An ice beast (D:7)
  13 orc warriors
  A sky beast (D:7)
  3 black bears
  3 wolves (Orc:2)
  4 centaurs (D:14)
  2 ogres
  A phantom (D:5)
  A kobold brigand (D:10)
  A gnoll sergeant (D:9)
  2 bullfrogs (D:7)
  6 scorpions
  5 wights
  4 killer bees
  2 howler monkeys
  A jelly (D:6)
  14 orc priests
  5 hounds
  A gnoll bouda (D:5)
  3 sleepcaps
  Jessica (D:3)
  Terence (D:2)
  An iguana (D:5)
  14 orc wizards
  7 adders
  15 gnolls
  A shadow imp (D:7)
  A white imp (D:6)
  An ufetubus (D:6)
  2 worms
  A dart slug (D:3)
  60 orcs
  8 ball pythons
  6 bats
  4 endoplasms
  2 giant cockroaches
  8 goblins
  6 hobgoblins
  7 jackals
  7 quokkas
  4 frilled lizards
  8 kobolds
  5 rats
310 creatures vanquished.

Vanquished Creatures (collateral kills)
  4 two-headed ogres
  A boulder beetle (D:14)
  6 centaur warriors
  2 skeletal warriors (D:13)
  A wizard (D:14)
  An orc knight (Orc:2)
  An orc sorcerer (Orc:2)
  A cyclops (D:9)
  2 unseen horrors
  A tengu conjurer (D:14)
  2 freezing wraiths
  3 trolls
  A wind drake (shapeshifter) (D:14)
  2 shadows
  8 slime creatures
  3 wyverns
  A vampire (D:12)
  A yak (D:9)
  A basilisk (D:13)
  2 vampire mosquitoes (D:13)
  A water moccasin (D:8)
  A warg (Orc:2)
  An acid dragon (D:9)
  2 black bears (D:11)
  12 orc warriors
  2 wolves
  2 bullfrogs
  A gnoll sergeant (D:9)
  2 wights
  5 killer bees
  A hound (D:6)
  6 orc priests
  A sleepcap (D:7)
  9 orc wizards
  2 gnolls (D:9)
  An ufetubus (D:6)
  24 orcs
  A bat (D:6)
  A goblin (Orc:2)
  3 kobolds (D:10)
122 creatures vanquished.

Vanquished Creatures (others)
  An orc priest (Orc:2)
  7 battlemagi
  An orc wizard (D:6)
  An ancestor (D:6)
  An orc (D:8)
11 creatures vanquished.

Grand Total: 443 creatures vanquished

Notes
Turn   | Place    | Note
-------+----------+-------------------------------------------
     0 | D:1      | Pimp the Formicid Fighter began the quest for the Orb.
     0 | D:1      | Reached XP level 1. HP: 18/18 MP: 1/1
    61 | D:1      | Reached XP level 2. HP: 17/24 MP: 2/2
   263 | D:1      | Reached XP level 3. HP: 27/29 MP: 3/3
   712 | D:1      | Identified 2 scrolls of acquirement
   712 | D:1      | Acquired the +5 plate armour of Spite {rPois Int+3 SInv
                  | Stlth-}
   724 | D:1      | Acquired the ring "Xeowk" {MP+9 Str+4 Dex+7}
  1000 | D:2      | Reached XP level 4. HP: 37/37 MP: 4/4
  1349 | D:2      | Found a stormy altar of Qazlal.
  1360 | D:2      | Noticed Terence
  1376 | D:2      | Killed Terence
  1377 | D:2      | Reached skill level 4 in Armour
  1660 | D:3      | Noticed Jessica
  1662 | D:3      | Killed Jessica
  1663 | D:3      | Reached skill level 5 in Shields
  1663 | D:3      | Reached XP level 5. HP: 42/42 MP: 5/5
  2597 | D:4      | Found a radiant altar of Vehumet.
  2658 | D:4      | Found a blossoming altar of Fedhas.
  2677 | D:4      | Found a shadowy altar of Dithmenos.
  2840 | D:4      | Found a basalt altar of Yredelemnul.
  2941 | D:4      | Found a hazy altar of Hepliaklqana.
  3080 | D:4      | Became a worshipper of Hepliaklqana the Forgotten
  3107 | D:5      | Entered Level 5 of the Dungeon
  3131 | D:5      | Reached XP level 6. HP: 48/49 MP: 6/6
  3177 | D:5      | Found a hide-covered altar of Uskayaw.
  3209 | D:5      | HP: 2/49 [gnoll/+2 halberd of freezing[a gnoll bouda] (2)]
  3591 | D:5      | Found a staircase to the Ecumenical Temple.
  3621 | D:5      | Reached skill level 5 in Armour
  3621 | D:5      | Reached XP level 7. HP: 53/55 MP: 7/7
  3649 | D:5      | Reached skill level 5 in Fighting
  3719 | D:5      | Identified the +2 scimitar of Qeapla {drain, Drain rF++
                  | Str+3 Stlth+}
  3789 | D:5      | Found a transporter.
  3790 | D:5      | Noticed turdburglar's ghost (amateur DsMo)
  3790 | D:5      | Identified the +6 great mace "Zabrocita" {flame, rPois rF-
                  | Str+3}
  3794 | D:5      | Found a transporter.
  3930 | D:5      | Reached * piety under Hepliaklqana
  4052 | D:5      | Found an ornate altar of the Wu Jian Council.
  4361 | D:6      | Noticed Eustachio
  4376 | D:5      | Reached XP level 8. HP: 36/56 MP: 8/8
  4411 | D:6      | Killed Eustachio
  4707 | D:6      | Reached skill level 6 in Armour
  4884 | D:6      | Reached skill level 5 in Axes
  5087 | D:6      | Noticed Edmund
  5112 | D:6      | Killed Edmund
  5483 | D:6      | Reached ** piety under Hepliaklqana
  5487 | D:6      | Reached XP level 9. HP: 60/63 MP: 9/9
  5801 | D:7      | Reached skill level 7 in Armour
  5983 | D:7      | Noticed Maggie
  5994 | D:7      | Killed Maggie
  6102 | D:7      | Found a white marble altar of Elyvilon.
  6211 | D:7      | Noticed a hornet
  6218 | D:7      | Killed a hornet
  6457 | D:7      | Reached XP level 10. HP: 72/72 MP: 10/10
  6508 | D:7      | Remembered your ancestor Tiberius as a battlemage
  6519 | D:7      | Reached skill level 8 in Armour
  6940 | D:8      | Found a sparkling altar of Nemelex Xobeh.
  7203 | D:8      | Reached skill level 10 in Shields
  7216 | D:8      | Found the +7 staff of the Meek {protect, meekguard}
  7458 | D:8      | Reached *** piety under Hepliaklqana
  7635 | D:9      | Identified the amulet of Yrazoxe {Spirit *Slow rN+ Int+5
                  | Stlth+}
  7646 | D:9      | Found an ancient bone altar of Kikubaaqudgha.
  7778 | D:9      | Reached skill level 9 in Armour
  7794 | D:9      | Found a staircase to the Orcish Mines.
  7961 | D:9      | Identified the +1 pair of boots of Qazlal's Approval {-Cast
                  | +Blink Fly Regen+}
  8057 | D:9      | Reached XP level 11. HP: 77/80 MP: 11/11
  8076 | D:9      | Noticed a cyclops
  8080 | D:9      | Killed a cyclops
  8138 | D:9      | Reached skill level 10 in Armour
  8207 | D:9      | Found a glowing golden altar of the Shining One.
  8349 | D:10     | Entered Level 10 of the Dungeon
  8514 | D:10     | Noticed a two-headed ogre
  8522 | D:10     | Killed a two-headed ogre
  8594 | D:10     | Noticed a two-headed ogre
  8599 | D:10     | Killed a two-headed ogre
  8602 | D:10     | Reached **** piety under Hepliaklqana
  9030 | D:11     | Found a staircase to the Lair.
  9038 | D:11     | Reached skill level 11 in Armour
  9041 | D:11     | Reached skill level 10 in Fighting
  9088 | D:11     | Noticed a boulder beetle
  9111 | D:11     | Killed a boulder beetle
  9170 | D:11     | Got the Catalogue of Cold
  9305 | D:11     | Found a portal to a secret trove of treasure.
  9352 | D:11     | Reached XP level 12. HP: 78/87 MP: 12/12
  9354 | D:11     | Noticed a boulder beetle
  9364 | D:11     | Killed a boulder beetle
  9536 | D:11     | Noticed Nergalle
  9551 | D:11     | Killed Nergalle
  9642 | D:11     | Found Notzoick's Assorted Antiques.
  9651 | D:11     | Bought a scroll of identify for 60 gold pieces
  9651 | D:11     | Bought a potion of curing for 90 gold pieces
  9877 | D:12     | Noticed a six-headed hydra
  9887 | D:12     | Killed a six-headed hydra
  9888 | D:12     | Reached skill level 12 in Armour
 10014 | D:12     | Found Gaclimy's Assorted Antiques.
 10416 | D:13     | Noticed a rakshasa
 10426 | D:13     | Killed a rakshasa
 10461 | D:13     | Noticed a centaur warrior
 10462 | D:13     | Noticed a skeletal warrior
 10463 | D:13     | Noticed a skeletal warrior
 10464 | D:13     | Noticed a skeletal warrior
 10467 | D:13     | Killed a centaur warrior
 10468 | D:13     | Reached skill level 10 in Axes
 10468 | D:13     | Reached skill level 13 in Armour
 10483 | D:13     | Killed a skeletal warrior
 10610 | D:13     | Killed a skeletal warrior
 10611 | D:13     | Reached XP level 13. HP: 71/95 MP: 3/13
 10838 | D:13     | Identified the +5 mace of Severance {flame, rElec rCorr}
 11096 | D:13     | Noticed a centaur warrior
 11096 | D:13     | Noticed a centaur warrior
 11102 | D:13     | Killed a centaur warrior
 11103 | D:13     | Killed a centaur warrior
 11582 | D:14     | Noticed a centaur warrior
 11586 | D:14     | Killed a centaur warrior
 11590 | D:14     | Noticed a centaur warrior
 11593 | D:14     | Killed a centaur warrior
 11594 | D:14     | Reached skill level 14 in Armour
 11596 | D:14     | Reached ***** piety under Hepliaklqana
 11643 | D:14     | Found a gate to the Vaults.
 11643 | D:14     | Noticed a vault guard
 11655 | D:14     | Killed a vault guard
 11707 | D:14     | Noticed a centaur warrior
 11712 | D:14     | Killed a centaur warrior
 11769 | D:14     | Noticed a centaur warrior
 11773 | D:14     | Killed a centaur warrior
 11799 | D:14     | Noticed a centaur warrior
 11807 | D:14     | Killed a centaur warrior
 12357 | D:15     | Entered Level 15 of the Dungeon
 12357 | D:15     | Noticed Nessos
 12357 | D:15     | Noticed an ogre mage
 12369 | D:14     | Reached XP level 14. HP: 103/104 MP: 14/14
 12508 | Orc:1    | Entered Level 1 of the Orcish Mines
 12542 | Orc:1    | Reached skill level 15 in Armour
 12802 | Orc:2    | Entered Level 2 of the Orcish Mines
 12971 | Orc:2    | Found a runed translucent gate.
 12971 | Orc:2    | Found a runed translucent gate.
 12971 | Orc:2    | Found a runed translucent gate.
 13062 | Orc:2    | Found a burning altar of Makhleb.
 13151 | Orc:2    | Found a staircase to the Elven Halls.
 13421 | Orc:2    | Learned a level 9 spell: Fire Storm
 13449 | Orc:2    | Found Gaysuqaka's Antique Weapon Emporium.
 13514 | Orc:2    | Gained mutation: You are dopey. (Int -2) [a neqoxec]
 13516 | Orc:2    | HP: 5/104 [orc sorcerer/bolt of fire (10)]
 13526 | Orc:2    | Reached skill level 1 in Spellcasting
 13526 | Orc:2    | Reached skill level 1 in Conjurations
 13526 | Orc:2    | Reached skill level 1 in Fire Magic
 13541 | Orc:2    | HP: 3/104 [orc high priest/+0 long sword (3)]
 13541 | Orc:2    | Slain by a rust devil

Illustrated notes

Levels and vault maps discovered:
D:1:      dpeg_arrival_long_road, layout_loops_cross, hex_tiny
D:2:      minmay_evil_eye, layout_basic, basic_altar, minmay_ruptured,
          uniq_terence
D:3:      layout_loops_ring, minmay_surrounded, uniq_jessica
D:4:      layout_cave_pools, mainiacjoe_overflow_brackets,
          mainiacjoe_overflow_24_doors, mainiacjoe_overflow_catwalk, minitemple
D:5:      layout_basic, eat_drink_and_be_merry_uskayaw, kennysheep_little_box,
          minmay_temple_entry_glassed_door, gammafunk_ghost_smash, minivault_25
D:6:      old_forge, layout_loops_corners, uniq_edmund, uniq_eustachio
D:7:      minmay_angry_zag, layout_loops_ring, mainiacjoe_overflow_alcove_2,
          uniq_maggie
D:8:      layout_basic, nemelex_diamond_rough_becter, pf_guarded_unrand_meek
D:9:      layout_basic, tso_altar, old_standard_altar, erik_orc_2
D:10:     hellmonk_crumbling_castle, layout_irregular_city
D:11:     layout_loops_ring, minmay_lair_entry_grove, enter_trove_0,
          serial_shops, shop, nzn_sisyphean_effort, uniq_nergalle
D:12:     layout_rooms, serial_shops, shop
D:13:     layout_basic
D:14:     layout_basic, david_vaults_5, minmay_misc_feat_tiny,
          kennysheep_doodads, hangedman_decor_clover_reticule
D:15:     grunt_enter_depths_snipers, layout_rooms, uniq_nessos, uniq_josephine
Orc:1:    layout_caves
Orc:2:    grunt_orc_tribal_feast, layout_caves, basic_altar,
          ebering_ghost_rock_garden, serial_shops, shop, mines5_lemuel

Skill      XL: |  1  2  3  4  5  6  7  8  9 10 11 12 13 14 |
---------------+-------------------------------------------+-----
Fighting       | 4 5 6 7 9 10 11 12 | 12.7
Armour         | 4 5 6 7 9 11 13 14 15 | 15.5
Axes           | 3 4 5 6 8 9 10 11 | 11.4
Shields        | 5 6 7 9 10 12 13 14 | 14.9
Spellcasting   | 1 |  1.3
Conjurations   | 1 |  1.2
Fire Magic     | 1 |  1.2

Action                     |  1- 3 |  4- 6 |  7- 9 | 10-12 | 13-15 || total
---------------------------+-------+-------+-------+-------+-------++-------
  Melee: War axe           |    88 |   135 |   148 |       |       ||   371
         Executioner's axe |       |       |    36 |   260 |   191 ||   487
         Quarterstaff      |       |       |       |     6 |       ||     6
 Invoke: Ancestor Life: Ba |       |       |       |     1 |       ||     1
  Evoke: Wand              |       |       |       |     6 |       ||     6
    Use: Scroll            |     2 |     8 |     8 |     2 |     1 ||    21
         Potion            |       |     3 |     2 |     3 |     6 ||    14
   Stab: Paralysed         |       |     3 |       |       |       ||     3
         Petrified         |       |       |     3 |       |       ||     3
         Distracted        |       |       |     2 |     5 |     6 ||    13
         Invisible         |       |       |       |     4 |     8 ||    12
 Armour: Scale mail        |    26 |       |       |       |       ||    26
         Plate armour      |    11 |    98 |   166 |   213 |   169 ||   657
  Dodge: Dodged            |    42 |    31 |    39 |    75 |    70 ||   257
  Block: Buckler           |    19 |    43 |       |       |       ||    62
         Tower shield      |       |    47 |   210 |   395 |   318 ||   970
